 Dungeon Crawl Stone Soup version 0.31.0-11-ge490571c62 (webtiles) character file.

Game seed: 7666109328565032582

7389 Flugkiller the Thaumaturge (level 11, 0/56 HPs)
             Began as a Vine Stalker Ice Elementalist on Feb 2, 2024.
             Was a Priest of Sif Muna.
             Slain by a basilisk (5 damage)
             ... on level 1 of the Lair of Beasts.
             The game lasted 00:21:49 (3021 turns).

Flugkiller the Thaumaturge (VSIE)                   Turns: 3021, Time: 00:21:50

Health: 0/56       AC: 16    Str: 12    XL:     11   Next: 14%
Magic:  0/25       EV: 13    Int: 19    God:    Sif Muna [***...]
Gold:   233        SH:  0    Dex: 14    Spells: 13/28 levels left

rFire   . . .        n - +1 orcbow (elec)
rCold   . . .        (shield currently unavailable)
rNeg    . . .        a - +0 robe
rPois   .            x - +2 helmet {SInv}
rElec   .            B - +2 cloak {Will+}
rCorr   .            (no gloves)
SInv    +            (no boots)
Will    ++...        A - amulet of faith
Stlth   ++           (no ring)
HPRegen 1.09/turn    (no ring)
MPRegen 0.19/turn

%: guardian spirit, faith
@: lethally poisoned (0 -> 0), ice-armoured, freezing walls, very slightly
contaminated
A: fangs 3, regeneration 1, magic shield, antimagic bite, no potion heal 2
a: Renounce Religion, Channel Magic, Forget Spell


You were on level 1 of the Lair of Beasts.
You worshipped Sif Muna.
Sif Muna was most pleased with you.
You visited 3 branches of the dungeon, and saw 10 of its levels.
You also visited: Bailey.

You collected 500 gold pieces.
You spent 267 gold pieces at shops.

Inventory:

Hand Weapons
 i - a +1 dagger of venom
   (You took it off a goblin on level 3 of the Dungeon)
 n - a +1 orcbow of electrocution (weapon)
   (You took it off a centaur on level 7 of the Dungeon)
 o - a +4 broad axe of freezing
   (You found it on level 4 of the Dungeon)
 r - a +5 spear of freezing
   (You took it off a gnoll sergeant on level 8 of the Dungeon)
 s - a +2 dire flail of holy wrath
   (You took it off Edmund on level 4 of the Dungeon)
 y - a +2 great sword
   (You took it off a wight on level 7 of the Dungeon)
Missiles
 m - 2 throwing nets
Armour
 a - a +0 robe (worn)
 x - a +2 helmet of see invisible (worn)
   (You bought it in a shop on level 8 of the Dungeon)
 B - a +2 cloak of willpower (worn)
   (You found it on level 7 of the Dungeon)
 D - a +0 buckler
   (You took it off a gnoll sergeant on level 8 of the Dungeon)
Magical Staves
 c - a staff of air
   (You found it on level 1 of the Dungeon)
Jewellery
 A - an amulet of faith (around neck)
   (You found it on level 7 of the Dungeon)
Talismans
 u - a dragon-blood talisman
   (You found it on level 4 of the Dungeon)
Wands
 k - a wand of mindburst (9)
   (You found it on level 2 of the Dungeon)
 l - a wand of flame (30)
   (You took it off a kobold on level 3 of the Dungeon)
 w - a wand of iceblast (9)
   (You found it on level 5 of the Dungeon)
 F - a wand of polymorph (5)
   (You found it on level 8 of the Dungeon)
Scrolls
 e - a scroll of vulnerability
 f - a scroll of poison {unknown}
 g - a scroll of fog
 h - 2 scrolls of fear
 j - a scroll of torment {unknown}
 p - 2 scrolls of enchant armour
 q - a scroll of immolation {unknown}
 t - a scroll of teleportation
 E - a scroll of revelation
Potions
 b - a potion of magic
 d - 2 potions of brilliance
 v - 2 potions of attraction
 z - a potion of mutation {unknown}
 C - a potion of enlightenment {unknown}


   Skills:
 + Level 5.2 Fighting
 + Level 3.3 Dodging
 - Level 2.4 Stealth
 + Level 9.3 Spellcasting
 - Level 9.2 Ice Magic
 - Level 6.0 Alchemy
 - Level 7.0 Invocations


You had 13 spell levels left.
You knew the following spells:

 Your Spells              Type           Power      Damage    Failure   Level
a - Freeze                Ice            100%       1d10      1%          1
b - Frozen Ramparts       Ice            88%        1d14      1%          3
c - Ozocubu's Armour      Ice            44%        N/A       1%          3
d - Summon Ice Beast      Ice/Summ       26%        N/A       3%          3
e - Olgreb's Toxic Radia  Alch           31%        N/A       7%          4
q - Apportation           Tloc           16%        N/A       8%          1

Your spell library contained the following spells:

 Spells                   Type           Power      Damage    Failure   Level
 Sting                    Conj/Alch      80%        1d8       2%          1
 Mercury Vapours          Alch/Air       40%        N/A       3%          2
 Jinxbite                 Hex            16%        N/A       12%         2
 Alistair's Intoxication  Alch           20%        N/A       19%         5
 Gell's Gravitas          Tloc           8%         N/A       24%         3
 Teleport Other           Tloc           8%         N/A       24%         3
 Dispersal                Tloc           4%         N/A       100%        6


Dungeon Overview and Level Annotations

Branches:
Dungeon (8/15) Zot: 26450  Temple (1/1) D:6 Zot: 5973    Lair (1/5) D:8 Zot: 5981
 Bailey (visited)

Altars:
Ashenzari
Dithmenos
Fedhas
Gozag
Kikubaaqudgha
Okawaru
Ru
Sif Muna
Trog
Uskayaw
Vehumet
Yredelemnul
Zin
The Shining One

Shops:
D:1 (   D:8 !*[![


Innate Abilities, Weirdness & Mutations

You have razor-sharp teeth.
Your natural rate of healing is unusually fast.
When hurt, damage is shared between your health and your magic reserves.
Your bite disrupts and absorbs the magic of your enemies.
Potions cannot restore your health.


Message History

Confirm with . or Enter, or press ? or * to list all spells.
The walls around you are covered in ice.
The komodo dragon looks even sicker.
You kill the butterfly!
The butterfly disappears in a burst of colours!
You kill the butterfly!
The butterfly disappears in a burst of colours!
Your toxic aura wanes.
Jeremiah hops!
The wall freezes the komodo dragon!
The komodo dragon seems to slow down.
Unknown command.
Casting: Frozen Ramparts (safe; 1% risk of failure)
Confirm with . or Enter, or press ? or * to list all spells.
A film of ice covers your body! The basilisk gazes at you.
You resist with almost no effort.
Unknown command.
Fire: n) +1 orcbow (elec)
Press: ? - help, Q - select action, (/) - cycle Shift-Dir - straight line, f - komodo dragon
Aim: a komodo dragon (heavily wounded, very poisoned, slow, 62% to hit)
You shoot an arrow. The arrow hits the komodo dragon.
The komodo dragon is severely wounded.
The wall freezes the komodo dragon but does no damage.
The komodo dragon bites you!!
Casting: Ozocubu's Armour (safe; 1% risk of failure)
Confirm with . or Enter, or press ? or * to list all spells.
You miscast Olgreb's Toxic Radiance.
You are very lightly contaminated with residual magic.
Nothing appears to happen.
Your ice beast hits the butterfly.
The butterfly dies!
The butterfly disappears in a burst of colours!
The wall freezes the komodo dragon but does no damage.
The komodo dragon bites you!
Casting: Olgreb's Toxic Radiance (dangerous; 7% risk of failure)
Confirm with . or Enter, or press ? or * to list all spells.
You miscast Olgreb's Toxic Radiance.
You are engulfed in toxic fumes.
You are poisoned.
You feel less invigorated.
You feel very sick. The basilisk barely misses you.
Casting: Olgreb's Toxic Radiance (dangerous; 7% risk of failure)
Confirm with . or Enter, or press ? or * to list all spells.
You begin to radiate toxic energy.
Jeremiah looks as sick as possible!
The basilisk looks even sicker.
You kill the butterfly!
The butterfly disappears in a burst of colours!
You kill the butterfly!
The butterfly disappears in a burst of colours!
You kill the butterfly!
The butterfly disappears in a burst of colours!
You kill the butterfly!
The butterfly disappears in a burst of colours!
You kill the butterfly!
The butterfly disappears in a burst of colours!
You kill the butterfly!
The butterfly disappears in a burst of colours!
You kill the butterfly!
The butterfly disappears in a burst of colours!
You kill the butterfly!
The butterfly disappears in a burst of colours!
You kill the butterfly!
The butterfly disappears in a burst of colours!
Jeremiah looks as sick as possible!
The basilisk looks even sicker.
The komodo dragon looks even sicker.
You feel very sick.
You kill Jeremiah!
Sif Muna accepts your kill.
You kill the komodo dragon!
Sif Muna accepts your kill. The basilisk barely misses you.
Unknown command.
Fire: n) +1 orcbow (elec)
Press: ? - help, Q - select action, (/) - cycle Shift-Dir - straight line, f - basilisk
Aim: a basilisk (heavily wounded, very poisoned, ally target, 45% to hit)
You shoot an arrow. The arrow barely misses the basilisk.
You feel very sick. The basilisk bites you.
* * * LOW HITPOINT WARNING * * *
The basilisk bites you.
* * * LOW HITPOINT WARNING * * *
Fire: n) +1 orcbow (elec)
Press: ? - help, Q - select action, (/) - cycle Shift-Dir - straight line, f/p - basilisk
Aim: a basilisk (severely wounded, very poisoned, ally target, 45% to hit)
You shoot an arrow. The arrow barely misses the basilisk.
Your toxic aura wanes.
You feel sick.
Your ice beast hits the basilisk but does no damage.
The basilisk gazes at you. You resist with almost no effort.
Fire: n) +1 orcbow (elec)
Press: ? - help, Q - select action, (/) - cycle Shift-Dir - straight line, f/p - basilisk
Aim: a basilisk (severely wounded, very poisoned, ally target, 45% to hit)
You shoot an arrow. The arrow barely misses the basilisk.
You feel sick.
Your ice beast hits the basilisk.
Your ice beast freezes the basilisk!
The basilisk seems to slow down.
The basilisk bites you!
* * * LOW HITPOINT WARNING * * *
The basilisk bites you!
You die...

.........##
.........##.
........#..
..........
.........
#........
#<.......
#........
#@lY..)..
#........
#........
.........
.........
#.........
#.........
..........


You could see a basilisk (very poisoned, slow, ally target) and a friendly ice
beast (summoned).

Vanquished Creatures
  A komodo dragon (Lair:1)
  Jeremiah (Lair:1)
  Grinder (D:6)
  A slime creature (D:5)
  8 yaks
  A basilisk (D:8)
  2 wyverns (D:8)
  Edmund (D:4)
  Duvessa (D:7)
  3 water moccasins
  3 orc warriors (Bailey)
  2 black bears
  2 sky beasts (D:8)
  2 ice beasts
  An ogre (D:7)
  5 centaurs
  A phantom (D:7)
  A kobold brigand (D:5)
  2 bullfrogs
  A gnoll sergeant (D:8)
  2 scorpions
  Dowan (D:7)
  2 wights (D:7)
  9 killer bees (D:8)
  2 howler monkeys
  A bombardier beetle (D:4)
  3 jellies
  Jessica (D:3)
  4 orc wizards
  Natasha (twice) (D:2)
  3 iguanas
  4 adders
  8 gnolls
  A dart slug (D:1)
  3 ribbon worms
  19 orcs
  5 endoplasms
  4 giant cockroaches
  3 goblins
  A hobgoblin (D:2)
  A quokka (D:2)
  A ball python (D:4)
  2 bats
  3 frilled lizards
  15 kobolds
  2 rats
142 creatures vanquished.

Vanquished Creatures (collateral kills)
  A slime creature (D:5)
  2 black bears (D:8)
  2 orc warriors (Bailey)
  An ogre (D:4)
  3 centaurs
  A kobold brigand (D:7)
  2 bullfrogs (D:7)
  A wight (D:7)
  2 howler monkeys
  2 bombardier beetles
  5 jellies (D:5)
  An iguana (D:7)
  An orc wizard (D:5)
  3 gnolls (D:4)
  11 orcs
  2 endoplasms (D:5)
40 creatures vanquished.

Grand Total: 182 creatures vanquished

Notes
Turn   | Place    | Note
-------+----------+-------------------------------------------
     0 | D:1      | Flugkiller the Vine Stalker Ice Elementalist began the
                  | quest for the Orb.
     0 | D:1      | Reached XP level 1. HP: 9/9 MP: 4/4
    56 | D:1      | Reached XP level 2. HP: 13/13 MP: 2/6
   124 | D:1      | Found Hakk's Weapon Emporium.
   143 | D:2      | Noticed Natasha
   155 | D:2      | Killed Natasha
   156 | D:2      | Reached XP level 3. HP: 11/16 MP: 0/8
   239 | D:3      | Found a faded altar of an unknown god.
   313 | D:2      | Learned a level 3 spell: Frozen Ramparts
   317 | D:2      | Learned a level 3 spell: Ozocubu's Armour
   330 | D:2      | Noticed Natasha
   342 | D:2      | Killed Natasha
   343 | D:2      | Reached XP level 4. HP: 3/21 MP: 0/10
   386 | D:2      | Reached skill level 5 in Ice Magic
   394 | D:2      | Learned a level 3 spell: Summon Ice Beast
   407 | D:3      | Found a radiant altar of Vehumet.
   411 | D:3      | Noticed Jessica
   433 | D:3      | Killed Jessica
   434 | D:3      | Reached XP level 5. HP: 14/24 MP: 11/11
   554 | D:3      | You fall into a shaft and drop 1 floor!
   691 | D:4      | Noticed Edmund
   715 | D:4      | Killed Edmund
   716 | D:4      | Reached XP level 6. HP: 28/28 MP: 12/14
   725 | D:4      | Found an opulent altar of Gozag.
   740 | D:4      | Reached skill level 5 in Spellcasting
   843 | D:5      | Entered Level 5 of the Dungeon
   911 | D:5      | Reached XP level 7. HP: 32/32 MP: 10/16
  1362 | D:6      | Gained mutation: You have razor-sharp teeth. [Vine Stalker
                  | growth]
  1362 | D:6      | Reached XP level 8. HP: 33/36 MP: 8/18
  1390 | D:6      | Found a staircase to the Ecumenical Temple.
  1399 | Temple   | Entered the Ecumenical Temple
  1412 | Temple   | Became a worshipper of Sif Muna the Loreminder
  1443 | D:6      | Noticed Grinder
  1474 | D:6      | Killed Grinder
  1576 | D:5      | Found a basalt altar of Yredelemnul.
  1576 | D:5      | Found a hide-covered altar of Uskayaw.
  1576 | D:5      | Found a radiant altar of Vehumet.
  1576 | D:5      | Found an iron altar of Okawaru.
  1576 | D:5      | Found a blossoming altar of Fedhas.
  1576 | D:5      | Found an opulent altar of Gozag.
  1576 | D:5      | Noticed a slime creature
  1576 | D:5      | Noticed a slime creature
  1586 | D:5      | Killed a slime creature
  1598 | D:5      | Killed a slime creature
  1599 | D:5      | Reached XP level 9. HP: 39/39 MP: 10/22
  1686 | D:7      | Reached * piety under Sif Muna
  1689 | D:7      | Reached skill level 1 in Alchemy
  1756 | D:7      | Found a flagged portal.
  1805 | D:7      | Reached skill level 5 in Alchemy
  1840 | Bailey   | Entered a bailey
  1979 | Bailey   | Reached ** piety under Sif Muna
  2115 | Bailey   | Reached skill level 1 in Fighting
  2115 | Bailey   | Reached skill level 1 in Invocations
  2120 | Bailey   | Learned a level 4 spell: Olgreb's Toxic Radiance
  2158 | Bailey   | Reached XP level 10. HP: 46/46 MP: 2/23
  2228 | Bailey   | Learned a level 1 spell: Apportation
  2430 | D:7      | Noticed Duvessa
  2430 | D:7      | Noticed Dowan
  2437 | D:7      | Killed Dowan
  2450 | D:7      | Killed Duvessa
  2544 | D:8      | Reached skill level 5 in Invocations
  2631 | D:7      | Reached *** piety under Sif Muna
  2745 | D:8      | Reached XP level 11. HP: 32/54 MP: 1/25
  2755 | D:8      | Found Xehisku's Distillery.
  2804 | D:8      | Found Korae's Antique Armour Boutique.
  2844 | D:8      | Bought a runed helmet for 217 gold pieces
  2853 | D:8      | Found Nuesaegafu's Assorted Antiques.
  2869 | D:8      | Bought a scroll labelled MIZEOB YMOSCH for 25 gold pieces
  2869 | D:8      | Bought a scroll labelled MIZEOB YMOSCH for 25 gold pieces
  2892 | D:8      | Found a blossoming altar of Fedhas.
  2902 | D:8      | Found Jiozorph's Distillery.
  2902 | D:8      | Found Amothric's Armour Emporium.
  2918 | D:8      | Found a staircase to the Lair.
  2965 | D:8      | Reached skill level 5 in Fighting
  3005 | Lair:1   | Entered Level 1 of the Lair of Beasts
  3005 | Lair:1   | Noticed Jeremiah
  3018 | Lair:1   | Killed Jeremiah
  3021 | Lair:1   | Slain by a basilisk

Illustrated notes

Levels and vault maps discovered:
D:1:      dpeg_arrival_tiny_c, layout_rooms, serial_shops,
          nicolae_shop_window_shopping, serial_co_window_serial,
          co_window_corner_a, co_window_corner_a, co_window_paths_a,
          co_window_of_opportunity_a, co_window_paths_a,
          co_window_of_opportunity_b, co_window_of_opportunity_c,
          co_window_2corner, co_window_4corner_a, co_window_4corner_b,
          glass_columns_c, glass_columns_b, glass_columns_a, glass_columns_a,
          hangedman_decor_clover_reticule
D:2:      layout_basic, dreamdust_mushroom_princess, uniq_natasha, uniq_robin
D:3:      layout_rooms, vehumet_altar_wand_db,
          shapermc_ecumenical_altar_mp_ritualfount, uniq_jessica
D:4:      layout_basic, mainiacjoe_overflow_catwalk, uniq_edmund
D:5:      cheibrodos_fertilizer, layout_basic, minmay_shop_grid_forest,
          lexackson_kobold_supper
D:6:      minmay_opposing_rooms, layout_loops_cross,
          nicolae_hepliaklqana_hazy_memory, minmay_temple_entry_ruins,
          minmay_misc_feat_ornament, grunt_decor_resistance, uniq_grinder
D:7:      layout_basic, nicolae_uskayaw_dance_studio, enter_bailey_6,
          uniq_duvessa
D:8:      layout_cave_pools, mainiacjoe_overflow_alcove_2,
          minmay_lair_entry_grove, serial_shops, shop_statue, shop_coins, shop,
          shop, shop, chequers_serial_rivers_large_a, hangedman_decor_opposing
Temple:   dpeg_chambers_temple
Lair:1:   layout_cave_pods, uniq_jeremiah

Skill      XL: |  1  2  3  4  5  6  7  8  9 10 11 |
---------------+----------------------------------+-----
Spellcasting   | 3 4 5 6 8 9 |  9.3
Ice Magic      | 5 6 7 9 |  9.2
Alchemy        | 6 |  6.0
Fighting       | 2 4 5 |  5.2
Invocations    | 2 7 |  7.0
Dodging        | 2 3 |  3.3
Stealth        | |  2.4

Action                     |  1- 3 |  4- 6 |  7- 9 | 10-12 || total
---------------------------+-------+-------+-------+-------++-------
  Melee: Unarmed           |     4 |       |       |       ||     4
         Bite              |     8 |    10 |    31 |     9 ||    58
         Staff             |    11 |       |       |       ||    11
         Dagger            |     4 |    28 |    98 |       ||   130
         Great sword       |       |       |     7 |    25 ||    32
         Punch             |       |       |     1 |       ||     1
   Fire: Orcbow            |       |       |       |    41 ||    41
   Cast: Freeze            |    23 |     3 |       |     2 ||    28
         Frozen Ramparts   |     1 |    11 |    19 |    14 ||    45
         Ozocubu's Armour  |       |     1 |     4 |     7 ||    12
         Summon Ice Beast  |       |     1 |    25 |     8 ||    34
         Olgreb's Toxic Ra |       |       |     2 |    19 ||    21
         Apportation       |       |       |       |     2 ||     2
 Invoke: Channel Magic     |       |       |       |     2 ||     2
  Evoke: Wand              |       |     7 |    19 |     2 ||    28
    Use: Scroll            |       |       |     2 |     7 ||     9
         Potion            |       |       |       |     2 ||     2
   Stab: Sleeping          |       |       |     4 |       ||     4
         Distracted        |       |       |     1 |       ||     1
 Armour: Robe              |    30 |    29 |    84 |    95 ||   238
  Dodge: Dodged            |    23 |    22 |    88 |    82 ||   215
